 Dungeon Crawl Stone Soup version 0.15-a0-1472-ge546950 (webtiles) character file.

204 Psiweapon the Ruffian (level 5, -8/45 HPs)
             Began as a Draconian Transmuter on June 12, 2014.
             Mangled by an ogre
             ... wielding a +0,+0 giant club
              (14 damage)
             ... on Level 4 of the Dungeon on June 13, 2014.
             The game lasted 00:14:56 (3276 turns).

Psiweapon the Ruffian (Draconian Transmuter)        Turns: 3276, Time: 00:14:57

HP  -8/45        AC  6     Str 13      XL: 5   Next: 52%
MP   9/9         EV 12     Int 14      God:
Gold 124         SH  4     Dex 14      Spells:  1 memorised,  7 levels left

rFire  . . .     SeeInvis .       - Unarmed
rCold  . . .     Clarity  .     (armour unavailable)
rNeg   . . .     rCorr    .     k - +0 buckler
rPois  .         rRot     .     s - +0 hat
rElec  .         Spirit   .     g - +0 cloak
SustAb +         Warding  .     (no gloves)
rMut   .         Stasis   .     (no boots)
Gourm  .                        (no amulet)
MR     .....                    o - ring of sustain abilities
                                e - +3 ring of dexterity

@: very slightly contaminated, not resistant to hostile enchantments, very
unstealthy
A: unfitting armour, cold-blooded, AC +5
a: no special abilities


You were on level 4 of the Dungeon.
You were not hungry.

You visited 1 branch of the dungeon, and saw 4 of its levels.

You collected 124 gold pieces.

Inventory:

Hand weapons
 t - a cursed -2,-2 short sword
Missiles
 b - 12 arrows
 m - 20 poisoned needles
 r - 4 tomahawks (quivered)
Armour
 g - a +0 cloak (worn)
 k - a +0 buckler (worn)
 s - a +0 hat (worn)
Comestibles
 a - 2 bread rations
 i - 2 slices of pizza
 q - a royal jelly
 z - a chunk of bat flesh
 B - a rotting chunk of bat flesh
 D - a rotting chunk of worker ant flesh
Scrolls
 c - a scroll of teleportation {unknown}
 l - a scroll of immolation {unknown}
 n - 2 scrolls of enchant weapon II {unknown}
 u - a scroll of enchant armour {unknown}
 w - a scroll of recharging {unknown}
 x - a scroll of remove curse {unknown}
 y - 4 scrolls of identify {unknown}
 A - a scroll of fear {unknown}
Jewellery
 e - a +3 ring of dexterity (left hand)
 o - a ring of sustain abilities (right hand)
Potions
 f - 2 potions of curing
 h - a potion of brilliance {unknown}
 j - a potion of invisibility {unknown}
 p - a potion of restore abilities {unknown}
 v - a potion of might {unknown}
 C - a potion of confusion {unknown}
Books
 d - a book of Changes

   Spells                             Type                      Level
   *Beastly Appendage                 Transmutation                1
   Sticks to Snakes                   Transmutation                2
   Spider Form                        Transmutation/Poison         3
   Ice Form                           Ice/Transmutation            4
   Blade Hands                        Transmutation                5


   Skills:
 - Level 3.4 Fighting
 - Level 1.7 Dodging
 + Level 2.4 Shields
 + Level 4.6 Unarmed Combat
 - Level 2.0 Spellcasting
 - Level 2.0 Transmutations


You had 7 spell levels left.
You knew the following spells:

 Your Spells              Type           Power        Failure   Level  Hunger
a - Beastly Appendage     Trmt           #.....       12%         1    ##.....


Dungeon Overview and Level Annotations

Branches:
Dungeon (4/15)
 Temple: D:4-7

Altars:
Trog


Innate Abilities, Weirdness & Mutations

Your plain brown scales are hard (AC +5).
Your body does not fit into most forms of armour.
Your cold-blooded metabolism reacts poorly to cold.


Message History

The ogre is moderately wounded.
The ogre closely misses you.
You aren't carrying any items that can be evoked.
You hit the ogre. You tail-slap the ogre.
The ogre is moderately wounded.
The ogre hits you with a giant club!
* * * LOW HITPOINT WARNING * * *
You hit the ogre but do no damage.
The ogre is moderately wounded.
You hit the ogre but do no damage.
You tail-slap the ogre, but do no damage.
The ogre is moderately wounded.
The ogre barely misses you.
You hit the ogre but do no damage. You tail-slap the ogre.
The ogre is heavily wounded.
You block the ogre's attack.
You hit the ogre.
The ogre is heavily wounded.
The ogre hits you with a giant club!
You die...

#..........#
#..........#
#..........#
#..........#
#..........#
#..........#
##...........#
#########...........#.
#...O@.......(.......#
#.#######.....###.#.##
#.# ##...## #.## ##.##
#.#.# #.# #.#.# #>#.#
#.# ##.## #...# #l##
#.# ##. #$#.## #.#
..###.. ... ### #.#.


You could see an ogre.

Vanquished Creatures
  2 orc wizards (D:4)
  A worker ant (D:4)
  Terence (D:2)
  3 adders
  3 giant geckos
  2 oozes (D:2)
  3 orcs
  5 giant cockroaches
  7 goblins
  6 hobgoblins
  2 ball pythons (D:3)
  15 bats
  2 giant newts
  5 jackals
  8 kobolds
  A quokka (D:1)
  9 rats
75 creatures vanquished.

Vanquished Creatures (others)
  A wizard (D:4)
1 creature vanquished.

Grand Total: 76 creatures vanquished

Notes
Turn   | Place    | Note
--------------------------------------------------------------
     0 | D:1      | Psiweapon, the Draconian Transmuter, began the quest for the Orb.
     0 | D:1      | Reached XP level 1. HP: 16/16 MP: 3/3
   426 | D:1      | Reached XP level 2. HP: 21/24 MP: 4/4
   777 | D:1      | Upgraded the game from 0.15-a0-1439-g2e54579 to 0.15-a0-1472-ge546950
   957 | D:2      | Reached XP level 3. HP: 28/30 MP: 4/6
  1224 | D:2      | Noticed Terence
  1249 | D:2      | Killed Terence
  1626 | D:2      | Reached XP level 4. HP: 34/38 MP: 7/7
  2254 | D:2      | Reached skill level 4 in Unarmed Combat
  2580 | D:2      | Reached skill level 1 in Shields
  2924 | D:4      | Reached XP level 5. HP: 20/45 MP: 9/9
  3166 | D:4      | Found a bloodstained altar of Trog.
  3166 | D:4      | Noticed a wizard
  3173 | D:4      | Killed a wizard
  3260 | D:4      | Noticed an ogre
  3276 | D:4      | Mangled by an ogre

Action                   |  1- 3 |  4- 6 || total
-------------------------+-------+-------++-------
Melee: Unarmed           |   159 |   125 ||   284
Throw: Tomahawk          |     1 |     2 ||     3
 Cast: Beastly Appendage |    15 |    18 ||    33
  Use: Potion            |       |     1 ||     1
 Stab: Sleeping          |     2 |       ||     2
